AoeStats
← B!G SPARKY

Fortress

509202314Analyzed
2v2 RM · 7d ago on Sep 25, 2026· 23m 8s· 4 players
Game mode
Random Map
Map size
Normal (6 player)
Population
200
Speed
Normal
Resources
Standard
Victory
Conquest
Starting age
Dark Age
Ending age
Imperial Age
RankedLock teamsTeams togetherTeam positionsShared explorationLock speedFull tech treeHidden civsTurbo modeCheats
Victory
Defeat
🇹🇷 Khmer · Türkiye
1123
+15
🇹🇷 Goths · Türkiye
1047
+19
🇨🇿 Spanish · Czechia
1111
-17
🇨🇿 Romans · Czechia
1098
-17
HolyGhost
8:26 Feudal Age
11:19 Castle Age
9:34 Double-Bit Axe
9:30 Horse Collar
13:21 Loom
14:37 Gold Mining
B!G SPARKY
7:19 Feudal Age
12:06 Castle Age
9:50 Horse Collar
10:12 Double-Bit Axe
15:41 Scale Mail Armor
15:53 Forging
15:46 Squires
16:20 Scale Mail Armor
wajtovskej
0:27 Loom
8:06 Feudal Age
10:31 Wheelbarrow
9:48 Double-Bit Axe
9:43 Horse Collar
14:07 Castle Age
11:55 Man-at-Arms
12:53 Forging
13:42 Scale Mail Armor
14:12 Gold Mining
14:16 Stone Mining
17:07 Bow Saw
17:11 Heavy Plow
Martin R.
6:57 Feudal Age
7:24 Double-Bit Axe
10:34 Horse Collar
13:30 Castle Age
11:25 Town Watch
14:37 Loom
14:51 Gold Mining
15:21 Bow Saw
15:12 Heavy Plow
16:12 Wheelbarrow
19:17 Padded Archer Armor
20:37 Bloodlines
20:27 Husbandry
Connection lost

Rejoining the realm…

Still unreachable

The connection could not be restored.

Session expired

The server has moved on; the page needs a fresh start.